Griffins vs Stars

Created - Wednesday, February 17, 2016 at 01:18

Goals
1 2 3 OT1 SO T
Griffins 0 0 1 0 0 1
Stars 0 0 1 0 1 2
Shots
1 2 3 OT1 SO T
Griffins 8 7 13 1 3 29
Stars 8 7 10 0 2 25

1st period

No Goal

Penalties :
Zach Sill (TEX) for Fighting (Major) at 1:17, Mark Alt (GRG) for Fighting (Major) at 1:17, Nick Jones (TEX) for Fighting (Major) at 1:33, John McFarland (GRG) for Fighting (Major) at 1:33, Brad Malone (TEX) for Fighting (Major) at 1:46, Taylor Aronson (GRG) for Fighting (Major) at 1:46

2nd period

No Goal

Penalties :
Zach Sill (TEX) for Fighting (Major) at 1:20, Mark Alt (GRG) for Fighting (Major) at 1:20, Zach Sill (TEX) for instigated a fight (Minor) at 1:20, Zach Sill (TEX) for instigated a fight (10 Minutes Misconduct) at 1:20

3rd period

1. Griffins , Tim Schaller 6 (Peter Regin, Mark Alt) at 1:10
2. Stars , Zac Dalpe 15 (Brandon Kozun) at 4:41

Penalties :
Brad Malone (TEX) for Fighting (Major) at 0:44, Zac Rinaldo (GRG) for Fighting (Major) at 0:44, Brad Malone (TEX) for Fighting (Major / Game Misconduct) at 6:20, Mark Mancari (GRG) for Fighting (Major) at 6:20, Mark Mancari (GRG) for instigated a fight (Minor) at 6:20, Mark Mancari (GRG) for instigated a fight (10 Minutes Misconduct) at 6:20, Cameron Gaunce (TEX) for Tripping (Minor) at 7:50

Overtime #1

No Goal

Penalties :
No Penalty

Shootout

Penalty Shot by Melker Karlsson for Griffins - Shot Misses the Net
Penalty Shot by John Albert for Stars - Stopped by Anton Forsberg
Penalty Shot by Damien Brunner for Griffins - Stopped by Jeff Malcolm
Penalty Shot by Paul Thompson for Stars - Goal!
Penalty Shot by Tim Schaller for Griffins - Stopped by Jeff Malcolm

Penalties :
No Penalty

Goalie Stats

Anton Forsberg (GRG), 24 saves from 25 shots - (0.960), OTL, 20-15-9, 65:00 minutes
Jeff Malcolm (TEX), 28 saves from 29 shots - (0.966), W, 3-5-5, 65:00 minutes

Players Stats for Griffins

Player Name              G  A  P  +/- PIM S  H  SB GA TA FO     MP     PP MP  PK MP  
------------------------------------------------------------------------------------
Adam Payerl              0  0  0   0  0   0  1  0  0  1  1/2    11:05   0:40   0:00 
Corey Trivino            0  0  0   0  0   0  0  0  0  0  1/3     9:08   0:00   0:00 
Damien Brunner           0  0  0   0  0   4  1  0  5  0  1/2    19:39   1:57   0:00 
Dylan Reese              0  0  0   0  0   1  1  1  2  3  0/0    27:16   2:17   0:00 
Joel Armia               0  0  0  -1  0   2  0  0  2  0  0/0    15:51   0:00   0:00 
John McFarland           0  0  0   0  5   0  1  0  2  0  0/0     7:13   0:00   0:00 
Mark Alt                 0  1  1   1  10  1  4  2  0  0  0/0    18:48   0:54   0:00 
Mark Mancari             0  0  0   1  17  3  2  1  0  0  0/0    13:55   0:58   0:00 
Melker Karlsson          0  0  0   0  0   1  1  0  2  2  3/11   23:49   1:57   0:00 
Mike Angelidis           0  0  0  -1  0   6  1  0  2  1  1/1    19:13   0:23   0:00 
Mike Cornell             0  0  0  -1  0   1  0  1  0  0  0/0    18:06   0:00   0:00 
Mike Keenan              0  0  0  -1  0   0  1  1  0  0  0/0    19:05   0:47   0:00 
Peter Regin              0  1  1   1  0   2  1  1  4  1  0/1    18:42   2:01   0:00 
Scott Valentine          0  0  0   1  0   1  1  0  0  0  0/0    21:48   1:41   0:00 
T.J. Hensick             0  0  0  -1  0   2  2  0  2  0  7/14   17:19   0:00   0:00 
Taylor Aronson           0  0  0   0  5   0  1  0  0  3  0/0    24:54   2:17   0:00 
Tim Schaller             1  0  1   1  0   5  1  0  4  1  8/12   18:42   2:01   0:00 
Zac Rinaldo              0  0  0   0  5   0  1  1  0  0  0/0    15:21   1:57   0:00 

Players Stats for Stars

Player Name              G  A  P  +/- PIM S  H  SB GA TA FO     MP     PP MP  PK MP  
------------------------------------------------------------------------------------
Alexandre Grenier        0  0  0   0  0   3  2  1  0  0  0/0    16:59   0:00   0:00 
Brad Malone              0  0  0   0  25  1  0  1  1  1  0/0    13:18   0:00   1:28 
Brandon Kozun            0  1  1   1  0   1  1  0  1  1  2/8    19:34   0:00   0:00 
Brent Sopel              0  0  0   0  0   0  1  0  0  1  0/0    21:36   0:00   2:01 
Bruno Gervais            0  0  0   1  0   3  0  1  1  3  0/0    28:43   0:00   2:23 
Cameron Gaunce           0  0  0  -1  2   0  2  0  0  2  0/0    27:50   0:00   1:35 
Dalton Smith             0  0  0   0  0   0  0  0  0  0  0/0     0:00   0:00   0:00 
Jason Williams           0  0  0   0  0   2  1  1  2  2  3/9    17:20   0:00   2:36 
John Albert              0  0  0   1  0   0  3  0  3  0  4/7    23:18   0:00   1:01 
Justin Shugg             0  0  0  -1  0   0  2  1  2  2  1/1    23:20   0:00   1:28 
Nic Kerdiles             0  0  0   0  0   1  0  0  0  0  0/0     2:13   0:00   0:00 
Nicholas Rioux           0  0  0   0  0   0  0  0  0  0  0/0     6:36   0:00   0:00 
Nick Jones               0  0  0   1  5   1  4  1  0  2  0/0    23:47   0:00   0:00 
Nicolas Blanchard        0  0  0   0  0   0  0  0  0  0  0/0    13:20   0:00   1:02 
Paul Thompson            0  0  0   0  0   1  1  0  0  1  5/9    16:55   0:00   0:00 
Steven Delisle           0  0  0  -1  0   1  1  2  0  0  0/0    22:02   0:00   1:57 
Zac Dalpe                1  0  1   0  0   8  0  0  7  0  1/2    21:25   0:00   0:00 
Zach Sill                0  0  0  -1  22  3  1  0  1  1  8/10   17:39   0:00   0:21 

3 Stars

1 - Jeff Malcolm (TEX)
2 - Anton Forsberg (GRG)
3 - Tim Schaller (GRG)

Power Play

Griffins - 0 on 2 Attempt(s) - 0.00%
Stars - 0 on 1 Attempt(s) - 0.00%

Penalty Kill

Griffins - 1 on 1 Attempt(s) - 100.00% - Score 0 goal in Penalty Kill
Stars - 2 on 2 Attempt(s) - 100.00% - Score 0 goal in Penalty Kill

Team Stat

Griffins - Hits : 20 - Faceoff Wins : 22 - Blocked Shots : 8 - Penalty Minutes : 42
Stars - Hits : 19 - Faceoff Wins : 24 - Blocked Shots : 8 - Penalty Minutes : 54

Official

Referees : Unknown
Linesman : Unknown

Game Notes

Zach Sill beats up Mark Alt at 1:17 of 1st period
Nick Jones and John McFarland fight to a draw at 1:33 of 1st period
Brad Malone beats up Taylor Aronson at 1:46 of 1st period
Zach Sill beats up Mark Alt at 1:20 of 2nd period
Brad Malone beats up Zac Rinaldo at 0:44 of 3rd period
Brad Malone beats up Mark Mancari at 6:20 of 3rd period
Brad Malone ejected from game at 6:20 of 3rd period

Finance

Level 1 -- Attendance: 1518 (75.90%) -- Ticket Income $53,130
Level 2 -- Attendance: 691 (69.10%) -- Ticket Income $10,365
Total Attendance: 2209 (73.63%)
Total Ticket Income: $63,495
Other Income: $31,113
Total Income: $94,608

Griffins

5 vs 5 Forward 
   Center                   Left Wing                Right Wing               Time % Phy DF OF 
 1 Melker Karlsson          Damien Brunner           Zac Rinaldo              35     1   2  2  
 2 Tim Schaller             Peter Regin              Mark Mancari             30     1   2  2  
 3 T.J. Hensick             Mike Angelidis           Joel Armia               22     1   2  2  
 4 Corey Trivino            Melker Karlsson          John McFarland           13     1   2  2  

5 vs 5 Defense 
   Defense                  Defense                                           Time % Phy DF OF 
 1 Taylor Aronson           Dylan Reese                                       35     1   2  2  
 2 Mark Alt                 Scott Valentine                                   30     1   2  2  
 3 Mike Keenan              Mike Cornell                                      22     1   2  2  
 4 Taylor Aronson           Dylan Reese                                       13     1   2  2  

PowerPlay Forward 
   Center                   Left Wing                Right Wing               Time % Phy DF OF 
 1 Melker Karlsson          Damien Brunner           Zac Rinaldo              60     1   2  2  
 2 Tim Schaller             Peter Regin              Mark Mancari             40     1   2  2  

PowerPlay Defense
   Defense                  Defense                                           Time % Phy DF OF 
 1 Taylor Aronson           Dylan Reese                                       60     1   2  2  
 2 Mark Alt                 Scott Valentine                                   40     1   2  2  

Penalty Kill 4 Players Forward 
   Center                   Wing                     Time % Phy DF OF 
 1 Melker Karlsson          Damien Brunner           60     1   2  2  
 2 Tim Schaller             Zac Rinaldo              40     1   2  2  

Penalty Kill 4 Players Defense
   Defense                  Defense                  Time % Phy DF OF 
 1 Taylor Aronson           Dylan Reese              60     1   2  2  
 2 Mark Alt                 Scott Valentine          40     1   2  2  

Penalty Kill - 3 Players Forward 
   Forward                                           Time % Phy DF OF 
 1 Melker Karlsson                                   60     1   2  2  
 2 Damien Brunner                                    40     1   2  2  

Penalty Kill - 3 Players Defense
   Defense                  Defense                  Time % Phy DF OF 
 1 Taylor Aronson           Dylan Reese              60     1   2  2  
 2 Mark Alt                 Scott Valentine          40     1   2  2  

4 vs 4 Forward 
   Center                   Wing                     Time % Phy DF OF 
 1 Melker Karlsson          Damien Brunner           60     1   2  2  
 2 Tim Schaller             Zac Rinaldo              40     1   2  2  

4 vs 4 Defense
   Defense                  Defense                  Time % Phy DF OF 
 1 Taylor Aronson           Dylan Reese              60     1   2  2  
 2 Mark Alt                 Scott Valentine          40     1   2  2  

Last Minutes Offensive
   Center                   Left Wing                Right Wing               Defense                  Defense                  
   Melker Karlsson          Damien Brunner           Zac Rinaldo              Taylor Aronson           Dylan Reese              

Last Minutes Defensive
   Center                   Left Wing                Right Wing               Defense                  Defense                  
   Melker Karlsson          Damien Brunner           Zac Rinaldo              Taylor Aronson           Dylan Reese              

Goaltenders
Starting : Anton Forsberg           
Backup : Peter Budaj              

Extra Forwards
Normal : Adam Payerl, Mike Angelidis, T.J. Hensick - PP : Adam Payerl, Mike Angelidis - PK : T.J. Hensick
Extra Defensemen
Normal : Mike Keenan, Mike Cornell, Mark Alt - PP : Mike Keenan - PK : Mike Cornell, Mark Alt
Penalty Shots
Melker Karlsson, Damien Brunner, Tim Schaller, Zac Rinaldo, Peter Regin

Stars

5 vs 5 Forward 
   Center                   Left Wing                Right Wing               Time % Phy DF OF 
 1 Zach Sill                Brad Malone              Zac Dalpe                35     1   2  2  
 2 Brandon Kozun            John Albert              Justin Shugg             30     1   2  2  
 3 Paul Thompson            Alexandre Grenier        Zach Sill                22     1   2  2  
 4 Jason Williams           Brad Malone              Zach Sill                13     1   2  2  

5 vs 5 Defense 
   Defense                  Defense                                           Time % Phy DF OF 
 1 Nick Jones               Bruno Gervais                                     35     1   2  2  
 2 Cameron Gaunce           Steven Delisle                                    30     1   2  2  
 3 Bruno Gervais            Nick Jones                                        22     1   2  2  
 4 Brent Sopel              Cameron Gaunce                                    13     1   2  2  

PowerPlay Forward 
   Center                   Left Wing                Right Wing               Time % Phy DF OF 
 1 Zach Sill                Brad Malone              Zac Dalpe                60     1   2  2  
 2 Brandon Kozun            John Albert              Alexandre Grenier        40     1   2  2  

PowerPlay Defense
   Defense                  Defense                                           Time % Phy DF OF 
 1 Nick Jones               Bruno Gervais                                     60     1   2  2  
 2 Steven Delisle           Cameron Gaunce                                    40     1   2  2  

Penalty Kill 4 Players Forward 
   Center                   Wing                     Time % Phy DF OF 
 1 Zach Sill                Brad Malone              60     1   2  2  
 2 Zac Dalpe                Paul Thompson            40     1   2  2  

Penalty Kill 4 Players Defense
   Defense                  Defense                  Time % Phy DF OF 
 1 Brent Sopel              Bruno Gervais            60     1   2  2  
 2 Cameron Gaunce           Steven Delisle           40     1   2  2  

Penalty Kill - 3 Players Forward 
   Forward                                           Time % Phy DF OF 
 1 Brad Malone                                       60     1   2  2  
 2 Zach Sill                                         40     1   2  2  

Penalty Kill - 3 Players Defense
   Defense                  Defense                  Time % Phy DF OF 
 1 Steven Delisle           Cameron Gaunce           60     1   2  2  
 2 Nick Jones               Bruno Gervais            40     1   2  2  

4 vs 4 Forward 
   Center                   Wing                     Time % Phy DF OF 
 1 Zach Sill                Zac Dalpe                60     1   2  2  
 2 Justin Shugg             Brad Malone              40     1   2  2  

4 vs 4 Defense
   Defense                  Defense                  Time % Phy DF OF 
 1 Bruno Gervais            Cameron Gaunce           60     1   2  2  
 2 Brent Sopel              Nick Jones               40     1   2  2  

Last Minutes Offensive
   Center                   Left Wing                Right Wing               Defense                  Defense                  
   Zach Sill                Brad Malone              Zac Dalpe                Cameron Gaunce           Bruno Gervais            

Last Minutes Defensive
   Center                   Left Wing                Right Wing               Defense                  Defense                  
   Zach Sill                Brad Malone              Zac Dalpe                Cameron Gaunce           Bruno Gervais            

Goaltenders
Starting : Jeff Malcolm             
Backup : FARM GOALIE19            

Extra Forwards
Normal : Zac Dalpe, Brad Malone, Zach Sill - PP : Zac Dalpe, Brandon Kozun - PK : Jason Williams
Extra Defensemen
Normal : Bruno Gervais, Brent Sopel, Cameron Gaunce - PP : Bruno Gervais - PK : Cameron Gaunce, Bruno Gervais
Penalty Shots
John Albert, Brad Malone, Zach Sill, Zac Dalpe, Brandon Kozun

% Time on Ice - Griffins

Lines # - Real PCT - Wanted PCT - Time Play
Normal Forward
1 - 28% - 35% - 15:28
2 - 30% - 30% - 16:41
3 - 28% - 22% - 15:30
4 - 15% - 13% - 8:23
Normal Defense
1 - 32% - 35% - 17:58
2 - 32% - 30% - 18:07
3 - 27% - 22% - 15:08
4 - 9% - 13% - 4:49
PP Forward
1 - 49% - 60% - 1:57
2 - 51% - 40% - 2:01
PP Defense
1 - 58% - 60% - 2:17
2 - 42% - 40% - 1:41
PK Forward
1 - 0% - 60%
2 - 0% - 40%
PK Defense
1 - 0% - 60%
2 - 0% - 40%
PK3 Forward
1 - 0% - 60%
2 - 0% - 40%
PK3 Defense
1 - 0% - 60%
2 - 0% - 40%
44 Forward
1 - 100% - 60% - 5:00
2 - 0% - 40% - 0:00
44 Defense
1 - 60% - 60% - 3:00
2 - 40% - 40% - 2:00
Last Minute Offensive  - 0:00
Last Minute Defensive  - 0:00
Total
Forward - 65:00
Defense - 65:00

% Time on Ice - Stars

Lines # - Real PCT - Wanted PCT - Time Play
Normal Forward
1 - 33% - 35% - 18:13
2 - 22% - 30% - 12:08
3 - 28% - 22% - 15:48
4 - 18% - 13% - 9:53
Normal Defense
1 - 32% - 35% - 18:00
2 - 36% - 30% - 20:05
3 - 16% - 22% - 8:43
4 - 16% - 13% - 9:14
PP Forward
1 - 0% - 60%
2 - 0% - 40%
PP Defense
1 - 0% - 60%
2 - 0% - 40%
PK Forward
1 - 100% - 60% - 3:58
2 - 0% - 40% - 0:00
PK Defense
1 - 51% - 60% - 2:01
2 - 49% - 40% - 1:57
PK3 Forward
1 - 0% - 60%
2 - 0% - 40%
PK3 Defense
1 - 0% - 60%
2 - 0% - 40%
44 Forward
1 - 100% - 60% - 5:00
2 - 0% - 40% - 0:00
44 Defense
1 - 55% - 60% - 2:46
2 - 45% - 40% - 2:14
Last Minute Offensive  - 0:00
Last Minute Defensive  - 0:00
Total
Forward - 65:00
Defense - 65:00

Play by Play

1st period


0:01 of 1st period - Melker Karlsson wins face-off versus Zach Sill in neutral zone.
0:28 of 1st period - Snap shot by Zac Dalpe.
0:28 of 1st period - Stopped by Anton Forsberg without a rebound.
0:29 of 1st period - Justin Shugg wins face-off versus Peter Regin in Griffins zone.
1:17 of 1st period - Zach Sill beats up Mark Alt.
1:17 of 1st period - Penalty to Zach Sill for Fighting.
1:17 of 1st period - Penalty to Mark Alt for Fighting.
1:18 of 1st period - Paul Thompson wins face-off versus Corey Trivino in Griffins zone.
1:23 of 1st period - Wrist shot by Zac Dalpe.
1:23 of 1st period - Stopped by Anton Forsberg with a rebound.
1:25 of 1st period - Wrist shot by Nick Jones.
1:25 of 1st period - Stopped by Anton Forsberg with a rebound.
1:27 of 1st period - Snap shot by Zac Dalpe.
1:27 of 1st period - Stopped by Anton Forsberg with a rebound.
1:29 of 1st period - Slapshot by Bruno Gervais.
1:29 of 1st period - Stopped by Anton Forsberg with a rebound.
1:31 of 1st period - Slapshot by Bruno Gervais.
1:31 of 1st period - Shot Blocked by Mike Keenan.
1:33 of 1st period - Snap shot by Alexandre Grenier.
1:33 of 1st period - Stopped by Anton Forsberg without a rebound.
1:33 of 1st period - Nick Jones and John McFarland fight to a draw.
1:33 of 1st period - Penalty to Nick Jones for Fighting.
1:33 of 1st period - Penalty to John McFarland for Fighting.
1:34 of 1st period - Jason Williams wins face-off versus T.J. Hensick in Griffins zone.
1:35 of 1st period - Snap shot by Zac Dalpe.
1:35 of 1st period - Shot Misses the Net.
1:46 of 1st period - Brad Malone beats up Taylor Aronson.
1:46 of 1st period - Penalty to Brad Malone for Fighting.
1:46 of 1st period - Penalty to Taylor Aronson for Fighting.
1:47 of 1st period - Melker Karlsson wins face-off versus John Albert in neutral zone.
2:00 of 1st period - Wrist shot by Damien Brunner.
2:00 of 1st period - Stopped by Jeff Malcolm with a rebound.
2:22 of 1st period - Slapshot by Zac Dalpe.
2:22 of 1st period - Stopped by Anton Forsberg with a rebound.
3:16 of 1st period - Cameron Gaunce is hit by T.J. Hensick and loses puck.
4:09 of 1st period - Jason Williams is hit by Mark Mancari and loses puck.
4:38 of 1st period - Snap shot by Adam Payerl.
4:38 of 1st period - Shot Misses the Net.
6:49 of 1st period - Wrist shot by Joel Armia.
6:49 of 1st period - Stopped by Jeff Malcolm with a rebound.
6:51 of 1st period - Snap shot by Mike Angelidis.
6:51 of 1st period - Shot Misses the Net.
7:38 of 1st period - Nick Jones is hit by Mark Alt and loses puck.
8:03 of 1st period - Snap shot by Mike Angelidis.
8:03 of 1st period - Stopped by Jeff Malcolm with a rebound.
8:05 of 1st period - Snap shot by Joel Armia.
8:05 of 1st period - Shot Misses the Net.
8:07 of 1st period - Slapshot by Mark Alt.
8:07 of 1st period - Stopped by Jeff Malcolm without a rebound.
8:08 of 1st period - Zach Sill wins face-off versus T.J. Hensick in Stars zone.
8:33 of 1st period - Snap shot by John McFarland.
8:33 of 1st period - Shot Misses the Net.
8:37 of 1st period - Slapshot by Melker Karlsson.
8:37 of 1st period - Stopped by Jeff Malcolm with a rebound.
9:45 of 1st period - Wrist shot by Mike Angelidis.
9:45 of 1st period - Stopped by Jeff Malcolm without a rebound.
9:46 of 1st period - Paul Thompson wins face-off versus T.J. Hensick in Stars zone.
10:02 of 1st period - Off-side.
10:03 of 1st period - Paul Thompson wins face-off versus Corey Trivino in neutral zone.
10:40 of 1st period - Brad Malone is hit by Peter Regin and loses puck.
11:08 of 1st period - Joel Armia is hit by Cameron Gaunce and loses puck.
11:50 of 1st period - Backhand shot by Damien Brunner.
11:50 of 1st period - Stopped by Jeff Malcolm with a rebound.
12:17 of 1st period - Snap shot by Peter Regin.
12:17 of 1st period - Shot Misses the Net.
12:37 of 1st period - Snap shot by Jason Williams.
12:37 of 1st period - Shot Blocked by Mark Alt.
12:45 of 1st period - Cameron Gaunce is hit by Scott Valentine and loses puck.
13:26 of 1st period - Wrist shot by Peter Regin.
13:26 of 1st period - Deflect By Mark Mancari.
13:26 of 1st period - Shot Misses the Net.
13:26 of 1st period - Puck is out of play.
13:27 of 1st period - Tim Schaller wins face-off versus Brandon Kozun in Stars zone.
13:44 of 1st period - Snap shot by Damien Brunner.
13:44 of 1st period - Stopped by Jeff Malcolm without a rebound.
13:45 of 1st period - Damien Brunner wins face-off versus Brandon Kozun in Stars zone.
14:12 of 1st period - Taylor Aronson is hit by Cameron Gaunce and loses puck.
14:34 of 1st period - Wrist shot by John Albert.
14:34 of 1st period - Shot Misses the Net.
14:36 of 1st period - Wrist shot by Brandon Kozun.
14:36 of 1st period - Shot Blocked by Mark Mancari.
14:43 of 1st period - Icing by Tim Schaller.
14:44 of 1st period - Zach Sill wins face-off versus Tim Schaller in Griffins zone.
14:51 of 1st period - Wrist shot by Zac Dalpe.
14:51 of 1st period - Stopped by Anton Forsberg with a rebound.
16:13 of 1st period - Brandon Kozun is hit by Mark Alt and loses puck.
16:35 of 1st period - Off-side.
16:36 of 1st period - T.J. Hensick wins face-off versus Jason Williams in neutral zone.
17:11 of 1st period - Paul Thompson is hit by Damien Brunner and loses puck.
17:59 of 1st period - Snap shot by Tim Schaller.
17:59 of 1st period - Shot Blocked by Alexandre Grenier.
19:20 of 1st period - Icing by Brad Malone.
19:21 of 1st period - Tim Schaller wins face-off versus Brandon Kozun in Stars zone.
Goals for this period are 0 for Griffins vs 0 for Stars.
Shots for this period are 8 for Griffins vs 8 for Stars.

2nd period


0:01 of 2nd period - Zach Sill wins face-off versus Melker Karlsson in neutral zone.
1:11 of 2nd period - Wrist shot by Peter Regin.
1:11 of 2nd period - Shot Misses the Net.
1:13 of 2nd period - Slapshot by Tim Schaller.
1:13 of 2nd period - Deflect By Mark Mancari.
1:13 of 2nd period - Stopped by Jeff Malcolm with a rebound.
1:15 of 2nd period - Snap shot by Peter Regin.
1:15 of 2nd period - Stopped by Jeff Malcolm without a rebound.
1:16 of 2nd period - Mike Angelidis wins face-off versus Paul Thompson in Stars zone.
1:20 of 2nd period - Zach Sill beats up Mark Alt.
1:20 of 2nd period - Penalty to Zach Sill for Fighting.
1:20 of 2nd period - Penalty to Mark Alt for Fighting.
1:20 of 2nd period - Penalty to Zach Sill for instigated a fight.
1:20 of 2nd period - Penalty to Zach Sill for instigated a fight.
1:21 of 2nd period - Jason Williams wins face-off versus Melker Karlsson in Stars zone.
1:42 of 2nd period - Snap shot by Jason Williams.
1:42 of 2nd period - Shot Blocked by Zac Rinaldo.
1:44 of 2nd period - Slapshot by Bruno Gervais.
1:44 of 2nd period - Stopped by Anton Forsberg without a rebound.
1:45 of 2nd period - Tim Schaller wins face-off versus Jason Williams in Griffins zone.
1:45 of 2nd period - Tim Schaller is hit by Jason Williams.
2:01 of 2nd period - Snap shot by Peter Regin.
2:01 of 2nd period - Shot Blocked by Jason Williams.
2:03 of 2nd period - Wrist shot by Mark Mancari.
2:03 of 2nd period - Stopped by Jeff Malcolm with a rebound.
2:05 of 2nd period - Slapshot by Dylan Reese.
2:05 of 2nd period - Shot Blocked by Steven Delisle.
2:55 of 2nd period - Scott Valentine is hit by John Albert and loses puck.
3:20 of 2nd period - Penalty to Zach Sill is over, Brandon Kozun is send on ice.
3:28 of 2nd period - Icing by Brandon Kozun.
3:29 of 2nd period - T.J. Hensick wins face-off versus John Albert in Stars zone.
3:36 of 2nd period - Wrist shot by Joel Armia.
3:36 of 2nd period - Shot Blocked by Steven Delisle.
3:38 of 2nd period - Slapshot by Scott Valentine.
3:38 of 2nd period - Stopped by Jeff Malcolm without a rebound.
3:39 of 2nd period - T.J. Hensick wins face-off versus Paul Thompson in Stars zone.
3:52 of 2nd period - Snap shot by Mike Angelidis.
3:52 of 2nd period - Shot Misses the Net.
3:54 of 2nd period - Slapshot by Joel Armia.
3:54 of 2nd period - Stopped by Jeff Malcolm with a rebound.
4:26 of 2nd period - Zac Rinaldo is hit by Brandon Kozun and loses puck.
4:37 of 2nd period - John Albert is hit by Zac Rinaldo.
4:54 of 2nd period - Zac Dalpe is hit by Melker Karlsson and loses puck.
5:15 of 2nd period - Off-side.
5:16 of 2nd period - Tim Schaller wins face-off versus Paul Thompson in neutral zone.
5:19 of 2nd period - Nick Jones is hit by Mark Mancari and loses puck.
5:26 of 2nd period - Tim Schaller is hit by Nick Jones and loses puck.
6:06 of 2nd period - John McFarland is hit by Alexandre Grenier and loses puck.
6:45 of 2nd period - Snap shot by Brad Malone.
6:45 of 2nd period - Stopped by Anton Forsberg with a rebound.
6:47 of 2nd period - Snap shot by Jason Williams.
6:47 of 2nd period - Stopped by Anton Forsberg with a rebound.
7:31 of 2nd period - Bruno Gervais is hit by Dylan Reese.
9:25 of 2nd period - Scott Valentine is hit by Justin Shugg and loses puck.
9:29 of 2nd period - Icing by Zac Rinaldo.
9:30 of 2nd period - Adam Payerl wins face-off versus Jason Williams in Griffins zone.
9:35 of 2nd period - Nick Jones is hit by Mark Alt.
10:29 of 2nd period - Snap shot by Alexandre Grenier.
10:29 of 2nd period - Stopped by Anton Forsberg with a rebound.
10:32 of 2nd period - Icing by Tim Schaller.
10:33 of 2nd period - Tim Schaller wins face-off versus Jason Williams in Griffins zone.
11:44 of 2nd period - Snap shot by John McFarland.
11:44 of 2nd period - Shot Blocked by Brad Malone.
11:46 of 2nd period - Slapshot by Mike Cornell.
11:46 of 2nd period - Stopped by Jeff Malcolm without a rebound.
11:47 of 2nd period - Paul Thompson wins face-off versus Melker Karlsson in Stars zone.
11:47 of 2nd period - Paul Thompson is hit by Mike Keenan.
13:03 of 2nd period - Wrist shot by Mike Angelidis.
13:03 of 2nd period - Shot Misses the Net.
13:31 of 2nd period - Brandon Kozun is hit by John McFarland and loses puck.
14:25 of 2nd period - Melker Karlsson is hit by Justin Shugg.
15:05 of 2nd period - Backhand shot by Nicolas Blanchard.
15:05 of 2nd period - Shot Misses the Net.
15:07 of 2nd period - Wrist shot by Jason Williams.
15:07 of 2nd period - Stopped by Anton Forsberg with a rebound.
15:09 of 2nd period - Wrist shot by Nic Kerdiles.
15:09 of 2nd period - Shot Misses the Net.
15:11 of 2nd period - Wrist shot by Steven Delisle.
15:11 of 2nd period - Stopped by Anton Forsberg without a rebound.
15:12 of 2nd period - Jason Williams wins face-off versus T.J. Hensick in Griffins zone.
15:27 of 2nd period - Slapshot by Zac Dalpe.
15:27 of 2nd period - Stopped by Anton Forsberg without a rebound.
15:28 of 2nd period - John Albert wins face-off versus Tim Schaller in Griffins zone.
15:54 of 2nd period - Peter Regin is hit by Alexandre Grenier.
16:14 of 2nd period - Wrist shot by Zac Dalpe.
16:14 of 2nd period - Deflect By Brad Malone.
16:14 of 2nd period - Shot Misses the Net.
16:14 of 2nd period - Puck is out of play.
16:15 of 2nd period - T.J. Hensick wins face-off versus Zac Dalpe in Griffins zone.
16:15 of 2nd period - T.J. Hensick is hit by John Albert.
16:20 of 2nd period - 10 Minutes Misconduct Penalty to Zach Sill is over.
16:20 of 2nd period - Icing by Mike Angelidis.
16:21 of 2nd period - Zac Dalpe wins face-off versus T.J. Hensick in Griffins zone.
16:49 of 2nd period - Icing by Dylan Reese.
16:50 of 2nd period - T.J. Hensick wins face-off versus Brandon Kozun in Griffins zone.
17:37 of 2nd period - Nick Jones is hit by T.J. Hensick and loses puck.
18:03 of 2nd period - Slapshot by Peter Regin.
18:03 of 2nd period - Shot Misses the Net.
18:27 of 2nd period - Slapshot by Peter Regin.
18:27 of 2nd period - Shot Misses the Net.
18:43 of 2nd period - Brent Sopel is hit by Mark Alt and loses puck.
18:52 of 2nd period - Snap shot by Damien Brunner.
18:52 of 2nd period - Shot Misses the Net.
18:58 of 2nd period - Slapshot by Damien Brunner.
18:58 of 2nd period - Stopped by Jeff Malcolm with a rebound.
19:00 of 2nd period - Slapshot by Mike Cornell.
19:00 of 2nd period - Shot Misses the Net.
19:17 of 2nd period - Icing by Mike Keenan.
19:18 of 2nd period - Corey Trivino wins face-off versus John Albert in Griffins zone.
19:51 of 2nd period - Tim Schaller is hit by Steven Delisle and loses puck.
Goals for this period are 0 for Griffins vs 0 for Stars.
Shots for this period are 7 for Griffins vs 7 for Stars.

3rd period


0:01 of 3rd period - Brandon Kozun wins face-off versus Melker Karlsson in neutral zone.
0:44 of 3rd period - Brad Malone beats up Zac Rinaldo.
0:44 of 3rd period - Penalty to Brad Malone for Fighting.
0:44 of 3rd period - Penalty to Zac Rinaldo for Fighting.
0:45 of 3rd period - Zach Sill wins face-off versus Tim Schaller in neutral zone.
1:10 of 3rd period - Snap shot by Tim Schaller.
1:10 of 3rd period - Goal by Tim Schaller - Griffins : 1 - Stars : 0.
1:11 of 3rd period - Zach Sill wins face-off versus Melker Karlsson in neutral zone.
1:26 of 3rd period - Snap shot by Damien Brunner.
1:26 of 3rd period - Shot Misses the Net.
1:39 of 3rd period - Off-side.
1:40 of 3rd period - Brandon Kozun wins face-off versus Tim Schaller in neutral zone.
2:00 of 3rd period - Wrist shot by Tim Schaller.
2:00 of 3rd period - Stopped by Jeff Malcolm with a rebound.
2:02 of 3rd period - Slapshot by Mark Mancari.
2:02 of 3rd period - Stopped by Jeff Malcolm with a rebound.
2:55 of 3rd period - Slapshot by Bruno Gervais.
2:55 of 3rd period - Stopped by Anton Forsberg without a rebound.
2:56 of 3rd period - Zach Sill wins face-off versus Melker Karlsson in Griffins zone.
3:03 of 3rd period - Wrist shot by Zac Dalpe.
3:03 of 3rd period - Stopped by Anton Forsberg with a rebound.
3:17 of 3rd period - Wrist shot by Damien Brunner.
3:17 of 3rd period - Shot Blocked by Nick Jones.
3:42 of 3rd period - Snap shot by Zach Sill.
3:42 of 3rd period - Stopped by Anton Forsberg with a rebound.
4:01 of 3rd period - Alexandre Grenier is hit by Tim Schaller and loses puck.
4:23 of 3rd period - Icing by Cameron Gaunce.
4:24 of 3rd period - Paul Thompson wins face-off versus T.J. Hensick in Stars zone.
4:41 of 3rd period - Snap shot by Zac Dalpe.
4:41 of 3rd period - Goal by Zac Dalpe - Griffins : 1 - Stars : 1.
4:42 of 3rd period - T.J. Hensick wins face-off versus Brandon Kozun in neutral zone.
4:51 of 3rd period - Wrist shot by Mike Angelidis.
4:51 of 3rd period - Stopped by Jeff Malcolm with a rebound.
4:53 of 3rd period - Slapshot by Taylor Aronson.
4:53 of 3rd period - Shot Blocked by Justin Shugg.
4:55 of 3rd period - Snap shot by Taylor Aronson.
4:55 of 3rd period - Shot Misses the Net.
5:01 of 3rd period - Snap shot by Mike Angelidis.
5:01 of 3rd period - Deflect By T.J. Hensick.
5:01 of 3rd period - Shot Misses the Net.
5:01 of 3rd period - Puck is out of play.
5:02 of 3rd period - T.J. Hensick wins face-off versus Brandon Kozun in Stars zone.
5:05 of 3rd period - Snap shot by T.J. Hensick.
5:05 of 3rd period - Shot Blocked by Bruno Gervais.
5:07 of 3rd period - Slapshot by Dylan Reese.
5:07 of 3rd period - Stopped by Jeff Malcolm with a rebound.
5:09 of 3rd period - Slapshot by Dylan Reese.
5:09 of 3rd period - Shot Misses the Net.
5:11 of 3rd period - Slapshot by Dylan Reese.
5:11 of 3rd period - Shot Misses the Net.
5:23 of 3rd period - Snap shot by Mike Angelidis.
5:23 of 3rd period - Shot Misses the Net.
5:25 of 3rd period - Slapshot by Mike Angelidis.
5:25 of 3rd period - Stopped by Jeff Malcolm with a rebound.
5:27 of 3rd period - Slapshot by Dylan Reese.
5:27 of 3rd period - Shot Misses the Net.
5:48 of 3rd period - Damien Brunner is hit by Nick Jones and loses puck.
6:19 of 3rd period - Slapshot by Tim Schaller.
6:19 of 3rd period - Shot Misses the Net.
6:20 of 3rd period - Brad Malone beats up Mark Mancari.
6:20 of 3rd period - Penalty to Brad Malone for Fighting.
6:20 of 3rd period - Brad Malone is ejected from game.
6:20 of 3rd period - Penalty to Mark Mancari for Fighting.
6:20 of 3rd period - Penalty to Mark Mancari for instigated a fight.
6:20 of 3rd period - Penalty to Mark Mancari for instigated a fight.
6:21 of 3rd period - Tim Schaller wins face-off versus Jason Williams in Stars zone.
7:24 of 3rd period - Snap shot by Melker Karlsson.
7:24 of 3rd period - Shot Hit the Post.
7:32 of 3rd period - Slapshot by Melker Karlsson.
7:32 of 3rd period - Shot Misses the Net.
7:50 of 3rd period - Minor Penalty to Cameron Gaunce for Tripping.
7:51 of 3rd period - Tim Schaller wins face-off versus Jason Williams in Stars zone.
8:57 of 3rd period - Snap shot by Tim Schaller.
8:57 of 3rd period - Shot Misses the Net.
8:59 of 3rd period - Wrist shot by Peter Regin.
8:59 of 3rd period - Stopped by Jeff Malcolm with a rebound.
9:50 of 3rd period - Penalty to Cameron Gaunce is over, Cameron Gaunce is back on ice.
10:40 of 3rd period - Slapshot by Justin Shugg.
10:40 of 3rd period - Shot Misses the Net.
11:36 of 3rd period - Tim Schaller is hit by John Albert and loses puck.
12:02 of 3rd period - Icing by Zac Dalpe.
12:03 of 3rd period - John Albert wins face-off versus Melker Karlsson in Stars zone.
12:18 of 3rd period - Snap shot by Melker Karlsson.
12:18 of 3rd period - Shot Misses the Net.
12:36 of 3rd period - Melker Karlsson is hit by Zach Sill.
12:46 of 3rd period - Scott Valentine is hit by Nick Jones and loses puck.
14:07 of 3rd period - Snap shot by Peter Regin.
14:07 of 3rd period - Deflect By Tim Schaller.
14:07 of 3rd period - Stopped by Jeff Malcolm without a rebound.
14:08 of 3rd period - Tim Schaller wins face-off versus Zach Sill in Stars zone.
14:15 of 3rd period - Slapshot by Tim Schaller.
14:15 of 3rd period - Shot Misses the Net.
14:17 of 3rd period - Slapshot by Tim Schaller.
14:17 of 3rd period - Stopped by Jeff Malcolm with a rebound.
14:19 of 3rd period - Snap shot by Tim Schaller.
14:19 of 3rd period - Stopped by Jeff Malcolm with a rebound.
14:41 of 3rd period - Wrist shot by Brandon Kozun.
14:41 of 3rd period - Stopped by Anton Forsberg with a rebound.
14:43 of 3rd period - Slapshot by Bruno Gervais.
14:43 of 3rd period - Shot Blocked by Mike Cornell.
14:45 of 3rd period - Wrist shot by Brandon Kozun.
14:45 of 3rd period - Deflect By Paul Thompson.
14:45 of 3rd period - Stopped by Anton Forsberg with a rebound.
14:47 of 3rd period - Snap shot by Alexandre Grenier.
14:47 of 3rd period - Stopped by Anton Forsberg without a rebound.
14:48 of 3rd period - Melker Karlsson wins face-off versus Paul Thompson in Griffins zone.
14:48 of 3rd period - Melker Karlsson is hit by Paul Thompson.
15:14 of 3rd period - Slapshot by Zach Sill.
15:14 of 3rd period - Stopped by Anton Forsberg with a rebound.
16:03 of 3rd period - Scott Valentine is hit by Nick Jones and loses puck.
16:25 of 3rd period - Wrist shot by Mike Angelidis.
16:25 of 3rd period - Stopped by Jeff Malcolm with a rebound.
16:27 of 3rd period - Wrist shot by T.J. Hensick.
16:27 of 3rd period - Shot Misses the Net.
16:29 of 3rd period - Snap shot by Joel Armia.
16:29 of 3rd period - Deflect By T.J. Hensick.
16:29 of 3rd period - Stopped by Jeff Malcolm with a rebound.
16:31 of 3rd period - Snap shot by T.J. Hensick.
16:31 of 3rd period - Shot Hit the Post.
16:33 of 3rd period - Snap shot by T.J. Hensick.
16:33 of 3rd period - Stopped by Jeff Malcolm with a rebound.
19:46 of 3rd period - Wrist shot by Zac Dalpe.
19:46 of 3rd period - Shot Blocked by Dylan Reese.
19:48 of 3rd period - Wrist shot by Steven Delisle.
19:48 of 3rd period - Shot Blocked by Peter Regin.
19:50 of 3rd period - Slapshot by Nic Kerdiles.
19:50 of 3rd period - Stopped by Anton Forsberg with a rebound.
19:52 of 3rd period - Snap shot by Zach Sill.
19:52 of 3rd period - Stopped by Anton Forsberg without a rebound.
19:53 of 3rd period - Zach Sill wins face-off versus Damien Brunner in Griffins zone.
Goals for this period are 1 for Griffins vs 1 for Stars.
Shots for this period are 13 for Griffins vs 10 for Stars.

Overtime #1


0:01 of 1st overtime period - Zach Sill wins face-off versus Melker Karlsson in neutral zone.
0:50 of 1st overtime period - Bruno Gervais is hit by Taylor Aronson and loses puck.
1:17 of 1st overtime period - Snap shot by Zac Dalpe.
1:17 of 1st overtime period - Shot Blocked by Mark Alt.
1:20 of 1st overtime period - 10 Minutes Misconduct Penalty to Mark Mancari is over.
2:08 of 1st overtime period - John Albert is hit by Mike Angelidis and loses puck.
2:26 of 1st overtime period - Off-side.
2:27 of 1st overtime period - John Albert wins face-off versus T.J. Hensick in neutral zone.
2:30 of 1st overtime period - Wrist shot by Justin Shugg.
2:30 of 1st overtime period - Shot Misses the Net.
2:56 of 1st overtime period - Wrist shot by Damien Brunner.
2:56 of 1st overtime period - Shot Misses the Net.
3:16 of 1st overtime period - Icing by Justin Shugg.
3:17 of 1st overtime period - John Albert wins face-off versus Adam Payerl in Stars zone.
3:34 of 1st overtime period - Bruno Gervais is hit by Adam Payerl and loses puck.
4:18 of 1st overtime period - Wrist shot by Mike Angelidis.
4:18 of 1st overtime period - Stopped by Jeff Malcolm with a rebound.
4:20 of 1st overtime period - Wrist shot by Mike Angelidis.
4:20 of 1st overtime period - Shot Misses the Net.
4:45 of 1st overtime period - Taylor Aronson is hit by Brent Sopel and loses puck.
4:58 of 1st overtime period - Snap shot by Nicolas Blanchard.
4:58 of 1st overtime period - Shot Misses the Net.
Goals for this period are 0 for Griffins vs 0 for Stars.
Shots for this period are 1 for Griffins vs 0 for Stars.

ShootOut


5:00 of 1st overtime period - Penalty Shot by Melker Karlsson for Griffins.
5:00 of 1st overtime period - Wrist shot by Melker Karlsson.
5:00 of 1st overtime period - Shot Misses the Net.
5:00 of 1st overtime period - Penalty Shot by John Albert for Stars.
5:00 of 1st overtime period - Deke by John Albert.
5:00 of 1st overtime period - Stopped by Anton Forsberg.
5:00 of 1st overtime period - Penalty Shot by Damien Brunner for Griffins.
5:00 of 1st overtime period - Wrist shot by Damien Brunner.
5:00 of 1st overtime period - Stopped by Jeff Malcolm.
5:00 of 1st overtime period - Penalty Shot by Paul Thompson for Stars.
5:00 of 1st overtime period - Wrist shot by Paul Thompson.
5:00 of 1st overtime period - Goal by Paul Thompson.
5:00 of 1st overtime period - Penalty Shot by Tim Schaller for Griffins.
5:00 of 1st overtime period - Wrist shot by Tim Schaller.
5:00 of 1st overtime period - Stopped by Jeff Malcolm.